Map: Buried Caverns

Players

UrbanToy

  • Race: Zerg Zerg
  • Spawn Location: 3:00

belmond

  • Race: Protoss Protoss
  • League: Gold
  • Spawn Location: 5:00

dragondavis

  • Race: Protoss Protoss
  • League: Bronze
  • Spawn Location: 3:00

Throwfordays - Winner!

  • Race: Protoss Protoss
  • League: Silver
  • Spawn Location: 7:00

Cthulhu - Winner!

  • Race: Terran Terran
  • Spawn Location: 9:00

Faust - Winner!

  • Race: Zerg Zerg
  • League: Diamond
  • Spawn Location: 9:00

VOD

Have the link to the VOD?

Description

Time

  • Played on: March 4, 2019, 10:45 p.m.
  • Length: 14:56
Show
View Real Time Build Order
Export as new Build Order

UrbanToy Zerg 

Build Orders: Hatch First 

Get SALT Encoding   

  12  0:20  Drone x2  
  14  0:22  Overlord  
  14  0:48  Hatchery  
  14  0:50  Drone  
  14  1:04  Drone x3  
  17  1:20  Spawning Pool  
  16  1:33  Drone x2  
  16  1:37  Extractor  
  17  1:43  Evolution Chamber  
  17  1:45  Extractor, Drone  
  16  1:55  Drone  
  16  1:59  Drone  
  18  2:09  Queen  
  18  2:13  Queen  
  22  2:17  Zergling x2  
  23  2:26  Zerg Melee Weapons Level 1  
  24  2:30  Zergling x2  
  24  2:34  Drone  
  25  2:42  Drone x2  
  27  2:52  Metabolic Boost  
  27  3:00  Zergling x2  
  27  3:03  Overlord  
  28  3:21  Overlord  
  28  3:26  Zergling x2  
  28  3:27  Zergling x4  
  31  3:39  Zergling x6  
  31  3:40  Zergling x4  
  34  4:03  Zergling x10  
  34  4:04  Zergling x2  
  40  4:12  Overlord  
  40  4:13  Zergling x4  
  42  4:27  Zerg Ground Armor Level 1  
  42  4:30  Zergling x2  
  43  4:32  Zergling x2  
  44  4:46  Zergling x2  
  44  4:47  Zergling x6  
Show
View Real Time Build Order
Export as new Build Order

belmond Protoss 

Build Orders:  

Get SALT Encoding   

  12  0:02  Probe  
  13  0:21  Pylon  
  13  0:33  Probe  
  14  0:45  Gateway  
  14  0:48  Probe  
  14  0:49  Assimilator  
  15  0:58  Gateway  
  15  1:00  Probe  
  16  1:12  Probe  
  16  1:15  Assimilator  
  17  1:21  Pylon  
  17  1:24  Probe  
  18  1:36  Cybernetics Core  
  18  1:42  Zealot  
  18  1:45  Probe  
  21  1:47  Warp Gate  
  21  1:56  Zealot  
  21  1:57  Probe  
  24  2:17  Zealot  
  24  2:20  Twilight Council  
  26  2:27  Zealot  
  28  2:42  Gateway  
  28  2:49  Zealot  
  30  3:03  Stalker  
  30  3:04  Charge, Pylon  
  31  3:23  Gateway  
  31  3:42  Stalker x2  
  35  4:00  Zealot  
  37  4:18  Zealot  
  39  4:27  Pylon  
  39  4:28  Pylon  
  39  4:53  Nexus  
  39  5:04  Pylon  
  31  5:22  Zealot x3  
  31  5:23  Zealot  
  31  5:43  Gateway  
  31  5:48  Zealot  
  31  5:49  Zealot  
  35  6:09  Stalker x4  
  26  6:29  Probe  
  26  6:30  Stalker x4  
  26  6:32  Probe  
  28  6:37  Probe  
  30  6:40  Probe  
  30  6:44  Gateway  
  32  6:47  Probe  
  32  6:50  Probe  
  34  6:54  Sentry  
  34  6:55  Sentry  
  34  6:58  Sentry  
  40  7:02  Probe  
  40  7:04  Templar Archives  
  41  7:14  Probe  
  42  7:48  Stalker x3  
  42  7:49  Stalker x2  
  52  7:56  Probe  
  52  7:59  Probe  
  52  8:04  Probe  
  54  8:07  Probe  
  56  8:14  Probe  
  56  8:15  Probe  
  56  8:19  Assimilator, High Templar x4  
  66  8:20  High Templar  
  66  8:23  Assimilator  
  66  8:25  Gateway  
  68  8:27  Probe  
  69  8:39  Probe  
  70  8:42  Pylon, Archon x2  
  70  8:45  Forge  
  70  8:54  Pylon  
  70  8:57  Pylon  
  70  9:00  Probe  
  70  9:01  Probe  
  71  9:08  Probe  
  72  9:10  Probe  
  72  9:16  Probe  
  74  9:18  Probe  
  76  9:26  Probe  
  76  9:29  Probe  
  76  9:30  High Templar, Robotics Facility  
  76  9:31  High Templar x4  
  86  9:35  Archon x2  
  88  9:38  Probe  
  88  9:41  Probe  
  90  10:01  Gateway  
  90  10:07  Gateway  
  90  10:55  Nexus  
  90  10:57  Pylon  
  90  11:00  Pylon  
  90  11:21  Pylon  
  90  11:23  Pylon  
  90  11:26  Pylon  
  90  11:27  Pylon  
  66  12:03  High Templar x3  
  66  12:04  High Templar x4  
  66  12:08  Archon x3  
  80  12:40  Robotics Facility  
  80  12:53  High Templar  
  80  12:54  High Templar x4  
  80  12:57  Archon  
  80  12:58  Archon  
  83  14:02  Archon x2  
  83  14:22  Pylon  
  77  14:25  Pylon  
  65  14:29  Pylon  
  51  14:31  Pylon  
  51  14:33  Pylon  
  51  14:38  Pylon  
Show
View Real Time Build Order
Export as new Build Order

dragondavis Protoss 

Build Orders:  

Get SALT Encoding   

  12  0:13  Probe  
  13  0:21  Probe  
  13  0:24  Assimilator  
  14  0:30  Probe  
  15  0:41  Assimilator  
  15  1:03  Pylon  
  15  1:07  Pylon  
  15  1:09  Pylon  
  15  1:17  Probe  
  16  1:29  Probe  
  17  1:38  Forge  
  17  1:41  Probe  
  17  1:43  Gateway  
  18  1:53  Probe  
  19  2:05  Probe  
  20  2:13  Probe  
  20  2:21  Probe  
  22  2:30  Pylon  
  22  2:32  Probe  
  22  2:33  Pylon  
  22  2:35  Protoss Shields Level 1  
  22  2:36  Pylon  
  23  2:44  Probe  
  24  2:59  Cybernetics Core  
  24  3:00  Probe  
  25  3:12  Probe  
  26  3:20  Cybernetics Core  
  26  3:21  Cybernetics Core  
  26  3:24  Probe  
  27  3:36  Probe  
  23  3:48  Probe  
  23  3:55  Nexus  
  19  3:58  Probe  
  19  4:09  Probe  
  12  4:44  Pylon  
  12  4:49  Pylon  
  12  4:55  Probe  
  13  5:06  Probe  
  14  5:15  Probe  
  15  5:23  Probe  
  16  5:34  Probe  
  17  5:45  Photon Cannon  
  17  5:46  Probe  
  18  5:58  Probe  
  19  6:10  Probe  
  20  6:15  Photon Cannon x2  
  20  6:17  Photon Cannon  
  20  6:19  Shield Battery  
  20  6:20  Probe  
  20  6:21  Shield Battery x2  
  21  6:28  Probe  
  21  6:30  Protoss Air Weapons Level 1  
  21  6:32  Protoss Air Armor Level 1  
  22  6:37  Probe  
  23  6:49  Probe  
  25  7:01  Probe  
  25  7:08  Photon Cannon  
  25  7:09  Photon Cannon  
  25  7:13  Probe  
  26  7:18  Photon Cannon  
  26  7:24  Photon Cannon  
  26  7:25  Probe  
  26  7:26  Photon Cannon  
  26  7:28  Photon Cannon  
  27  7:36  Probe  
  28  7:48  Protoss Ground Armor Level 1  
  28  8:47  Pylon  
  28  8:54  Pylon  
  28  8:57  Pylon  
  28  9:01  Pylon  
  28  9:04  Pylon  
  28  9:06  Probe  
  29  9:14  Probe  
  18  9:42  Protoss Ground Weapons Level 1  
  18  9:49  Pylon  
  18  9:55  Pylon  
  18  10:07  Nexus  
  18  10:11  Probe  
  18  10:19  Probe  
  19  10:21  Stalker  
  19  10:22  Assimilator  
  19  10:25  Assimilator  
  20  10:28  Probe  
  23  10:40  Probe  
  24  10:48  Photon Cannon  
  24  10:49  Stalker  
  22  10:51  Photon Cannon  
  22  10:53  Probe  
  24  11:13  Pylon  
  24  11:15  Pylon  
  24  11:18  Pylon x2, Probe  
  24  11:19  Stalker  
  27  11:27  Probe  
  27  11:32  Probe  
  28  11:36  Probe  
  30  11:40  Probe  
  31  11:48  Probe  
  31  11:49  Stalker, Probe  
  35  12:00  Probe  
  36  12:01  Probe  
  36  12:03  Stargate  
  36  12:04  Stargate  
  36  12:07  Stargate  
  37  12:10  Stargate  
  37  12:13  Stargate, Probe  
  38  12:19  Stalker  
  40  12:25  Probe  
  40  12:27  Pylon  
  40  12:29  Pylon  
  41  12:38  Probe  
  42  12:45  Assimilator  
  42  12:46  Pylon  
  42  12:49  Pylon, Stalker  
  42  12:50  Probe  
  45  12:53  Pylon  
  45  12:54  Void Ray x2  
  53  13:00  Probe  
  54  13:08  Probe  
  55  13:18  Probe  
  55  13:19  Stalker  
  57  13:30  Probe  
  58  13:34  Void Ray  
  58  13:40  Probe  
  63  13:48  Probe  
  63  13:56  Probe  
  63  14:01  Void Ray  
  68  14:04  Void Ray  
  68  14:08  Probe  
  73  14:11  Probe  
  74  14:20  Probe x2  
  48  14:48  Assimilator  
Show
View Real Time Build Order
Export as new Build Order

Throwfordays Protoss - Winner!

Build Orders: Double Forge, Nexus First 

Get SALT Encoding   

  12  0:01  Probe  
  13  0:13  Probe  
  14  0:25  Probe  
  15  0:47  Nexus  
  15  0:56  Pylon  
  15  1:14  Probe  
  15  1:16  Gateway  
  16  1:19  Assimilator  
  16  1:26  Probe  
  17  1:38  Probe  
  17  1:39  Assimilator  
  18  1:50  Probe  
  19  2:02  Probe  
  19  2:04  Cybernetics Core  
  19  2:08  Forge  
  20  2:12  Pylon  
  20  2:14  Probe  
  21  2:17  Probe  
  22  2:25  Probe  
  22  2:26  Probe  
  24  2:34  Probe  
  24  2:38  Probe  
  26  2:46  Probe  
  26  2:49  Stargate  
  27  2:53  Warp Gate  
  27  2:58  Probe  
  28  3:08  Pylon  
  28  3:09  Probe  
  28  3:11  Probe  
  30  3:17  Probe  
  30  3:19  Probe  
  30  3:25  Assimilator, Probe  
  32  3:27  Probe  
  32  3:33  Assimilator  
  34  3:37  Probe  
  34  3:38  Probe  
  34  3:41  Void Ray  
  36  3:47  Gateway  
  40  3:49  Probe  
  40  3:50  Probe  
  40  3:53  Gateway  
  42  4:04  Photon Cannon  
  42  4:12  Cybernetics Core  
  42  4:13  Pylon  
  42  4:15  Forge  
  42  4:18  Pylon  
  42  4:32  Photon Cannon  
  42  4:33  Void Ray  
  46  4:41  Photon Cannon  
  46  4:46  Photon Cannon  
  46  4:49  Photon Cannon  
  46  5:01  Pylon  
  46  5:07  Pylon  
  46  5:16  Void Ray  
  46  5:17  Zealot  
  46  5:19  Zealot  
  54  5:33  Photon Cannon  
  54  5:37  Photon Cannon  
  54  5:50  Photon Cannon  
  54  5:53  Photon Cannon  
  54  5:57  Pylon  
  54  6:03  Void Ray  
  58  6:22  Protoss Shields Level 1  
  58  6:35  Protoss Air Weapons Level 1  
  58  6:36  Protoss Air Armor Level 1  
  58  6:46  Gateway  
  58  6:48  Gateway  
  58  6:52  Photon Cannon  
  58  6:54  Photon Cannon  
  58  6:57  Probe  
  58  6:59  Probe  
  60  7:02  Void Ray  
  64  7:10  Pylon  
  64  7:11  Probe  
  64  7:13  Pylon  
  65  7:21  Stargate  
  65  7:23  Probe  
  66  7:35  Fleet Beacon  
  66  7:43  Probe  
  67  7:52  Void Ray  
  67  7:55  Probe  
  72  8:07  Probe  
  73  8:22  Pylon  
  73  8:24  Probe  
  73  8:25  Nexus  
  74  8:27  Probe  
  74  8:31  Nexus  
  75  8:35  Assimilator  
  75  8:36  Probe  
  75  8:39  Assimilator  
  75  8:40  Probe  
  77  8:42  Assimilator  
  77  8:48  Assimilator, Probe  
  77  8:52  Probe  
  77  8:53  Gateway  
  77  8:55  Gateway  
  79  9:01  Probe  
  79  9:02  Void Ray x2  
  84  9:04  Probe  
  89  9:13  Probe  
  89  9:14  Protoss Air Weapons Level 2, Stargate  
  89  9:16  Probe  
  91  9:19  Stargate  
  91  9:22  Twilight Council  
  91  9:34  Protoss Air Armor Level 2  
  91  9:48  Void Ray  
  91  9:52  Probe  
  96  9:55  Probe  
  97  10:00  Probe  
  97  10:04  Probe  
  97  10:05  Probe  
  100  10:07  Probe  
  100  10:12  Probe  
  102  10:16  Probe  
  102  10:17  Probe  
  102  10:19  Probe  
  105  10:24  Probe  
  106  10:28  Probe  
  106  10:29  Probe  
  106  10:31  Probe  
  109  10:36  Probe  
  109  10:40  Probe  
  109  10:41  Probe  
  112  10:43  Probe  
  112  10:46  Void Ray x3  
  112  10:48  Probe  
  112  10:49  Void Ray  
  130  10:52  Probe  
  130  10:53  Probe  
  132  11:04  Probe  
  132  11:07  Probe  
  134  11:17  Probe  
  135  11:19  Probe  
  136  11:29  Probe  
  136  11:31  Probe  
  138  11:40  Void Ray x2  
  138  11:41  Probe  
  138  11:43  Probe  
  148  11:47  Pylon  
  148  11:48  Protoss Shields Level 2  
  148  11:49  Pylon  
  148  11:51  Pylon  
  148  11:53  Pylon  
  148  11:54  Protoss Air Weapons Level 3, Pylon  
  148  12:03  Protoss Air Armor Level 3  
  148  12:05  Void Ray, Probe x2  
  148  12:06  Void Ray  
  158  12:23  Void Ray x2  
  166  12:35  Pylon  
  166  12:36  Pylon  
  166  12:38  Pylon  
  166  12:40  Pylon  
  166  12:42  Pylon  
  166  12:48  Void Ray  
  170  13:28  Void Ray  
  170  13:29  Void Ray x2  
  182  13:38  Void Ray  
  186  14:11  Void Ray x2  
  186  14:12  Void Ray  
Show
View Real Time Build Order
Export as new Build Order

Cthulhu Terran - Winner!

Build Orders: 2 Factory 

Get SALT Encoding   

  12  0:01  SCV  
  13  0:13  SCV  
  14  0:23  Supply Depot  
  14  0:25  SCV  
  15  0:44  SCV  
  15  0:47  Barracks  
  16  0:54  Refinery  
  16  0:56  SCV  
  17  1:08  Refinery  
  17  1:09  SCV  
  18  1:24  SCV  
  19  1:34  Supply Depot  
  19  1:37  Orbital Command  
  19  1:39  Marine  
  20  1:51  Factory  
  20  2:04  Marine  
  20  2:07  SCV  
  22  2:15  Factory  
  22  2:19  SCV  
  23  2:24  Marine  
  24  2:31  SCV  
  25  2:39  Armory, Hellion  
  25  2:42  Marine  
  28  2:46  SCV  
  29  2:58  SCV  
  30  3:03  Supply Depot  
  30  3:05  Factory Tech Lab  
  30  3:09  Factory Tech Lab  
  30  3:19  SCV  
  31  4:06  SCV, Siege Tank x2  
  36  4:18  Terran Vehicle Weapons Level 1  
  36  4:20  Supply Depot  
  36  4:27  SCV  
  36  4:28  Marine  
  36  4:30  Command Center  
  38  4:42  SCV  
  38  4:43  Siege Tank x2  
  45  4:45  Supply Depot  
  45  4:55  SCV  
  35  5:25  Marine  
  35  5:26  Siege Tank  
  38  5:46  Orbital Command  
  38  5:58  SCV  
  30  6:23  Orbital Command  
  27  6:27  Supply Depot  
  27  6:34  SCV  
  28  6:41  Siege Tank x2  
  34  6:55  Refinery  
  34  6:57  Refinery  
  34  7:05  Terran Vehicle Weapons Level 2, Supply Depot  
  34  7:07  Barracks Tech Lab  
  34  7:14  Engineering Bay  
  34  7:28  SCV  
  35  7:30  SCV  
  35  7:34  Siege Tank  
  39  7:40  SCV  
  39  7:42  SCV  
  41  7:56  Command Center  
  41  8:03  Marine  
  41  8:05  Siege Tank  
  45  8:06  SCV  
  45  8:08  SCV  
  47  8:17  Supply Depot  
  47  8:27  SCV  
  47  8:28  Marine, SCV  
  47  8:29  Sensor Tower  
  47  8:30  Missile Turret  
  47  8:33  Siege Tank  
  53  8:45  SCV x2  
  55  8:51  Ghost Academy  
  55  8:59  SCV x2  
  55  9:00  Marine  
  58  9:06  Siege Tank x2  
  58  9:08  Combat Shield  
  64  9:31  Orbital Command  
  64  9:32  SCV x2  
  64  9:35  Refinery  
  64  9:36  Refinery  
  66  9:46  SCV x2  
  66  9:49  Siege Tank x2  
  75  9:54  Ghost  
  75  9:55  Factory  
  76  10:05  Starport  
  76  10:07  Terran Vehicle And Ship Armor Level 1  
  76  10:09  Personal Cloaking  
  76  10:12  Supply Depot  
  76  10:31  Factory  
  76  10:33  SCV  
  76  10:34  SCV x2, Factory  
  76  10:35  Factory  
  79  10:42  Siege Tank  
  82  10:46  SCV  
  83  10:51  Factory Tech Lab  
  83  10:55  Starport Reactor  
  83  10:59  Supply Depot, Ghost  
  85  11:06  Terran Infantry Armor Level 1  
  85  11:07  SCV x3  
  85  11:10  Thor  
  94  11:26  Supply Depot  
  94  11:28  Missile Turret  
  94  11:31  Factory Tech Lab  
  94  11:35  Nuke  
  94  11:36  Factory Tech Lab, Missile Turret  
  94  11:37  Factory Tech Lab  
  94  11:38  Thor x2  
  106  11:57  Viking x2  
  106  12:00  Supply Depot  
  110  12:01  Terran Vehicle Weapons Level 3  
  110  12:34  Supply Depot  
  110  13:07  Thor x2  
  110  13:08  Thor x3  
  110  13:10  Sensor Tower  
  140  13:16  Supply Depot  
  140  13:38  Hellion  
  142  14:21  Marine  
  149  14:25  Supply Depot  
Show
View Real Time Build Order
Export as new Build Order

Faust Zerg - Winner!

Build Orders: Hatch First, Brood Lord Corruptor, Swarm Host 

Get SALT Encoding   

  12  0:01  Drone  
  13  0:09  Drone  
  14  0:17  Extractor, Drone  
  15  0:23  Overlord  
  15  0:42  Drone x2  
  17  0:53  Hatchery  
  16  0:57  Drone  
  17  1:07  Extractor  
  17  1:08  Drone  
  17  1:17  Spawning Pool  
  16  1:22  Drone  
  16  1:24  Drone  
  18  1:28  Drone  
  19  2:04  Queen  
  19  2:07  Queen  
  23  2:09  Zergling x2  
  23  2:10  Metabolic Boost  
  23  2:11  Zergling x4  
  23  2:13  Zergling x2  
  27  2:19  Overlord  
  27  2:29  Drone  
  28  2:41  Drone x3  
  31  2:46  Drone  
  31  2:49  Overlord  
  32  3:03  Drone x3  
  35  3:11  Overlord  
  35  3:40  Drone x4  
  35  3:41  Drone x2  
  41  3:44  Overlord x2  
  41  3:47  Lair  
  38  4:06  Hatchery  
  37  4:14  Baneling Nest  
  35  4:17  Drone x5  
  35  4:18  Drone x4  
  35  4:21  Extractor  
  35  4:23  Extractor  
  42  4:27  Extractor, Drone  
  42  4:30  Drone  
  43  4:45  Drone x3  
  46  4:50  Spore Crawler  
  45  4:54  Drone x3, Overlord  
  48  5:04  Spore Crawler  
  48  5:05  Zergling x6  
  48  5:06  Zergling x2  
  51  5:13  Zergling x4  
  54  5:20  Infestation Pit  
  54  5:21  Hydralisk Den  
  52  5:22  Zergling x8  
  52  5:26  Baneling x4  
  52  5:27  Baneling x2  
  52  5:28  Baneling x2  
  56  5:33  Baneling  
  56  5:34  Baneling x2  
  56  5:35  Zergling x4, Baneling  
  57  5:36  Zergling x4  
  57  5:41  Nydus Network  
  57  5:56  Drone x4  
  58  6:01  Hatchery  
  57  6:14  Zergling x14  
  59  6:35  Swarm Host x3  
  59  6:36  Swarm Host x2  
  74  6:42  Overlord x3  
  74  6:43  Evolution Chamber  
  74  6:46  Evolution Chamber  
  72  6:51  Drone x2  
  74  6:58  Drone  
  74  6:59  Drone  
  66  7:41  Zerg Ground Armor Level 1, Zerg Missile Weapons Level 1  
  64  7:46  Drone x8  
  64  7:47  Drone x5  
  64  7:48  Drone x4  
  64  7:49  Queen  
  83  8:06  Spore Crawler, Extractor, Spine Crawler, Swarm Host x2  
  83  8:07  Swarm Host x3  
  95  8:13  Swarm Host x3  
  95  8:18  Extractor, Hive  
  103  8:20  Burrow  
  103  8:21  Overlord  
  103  8:25  Queen  
  105  8:29  Drone  
  105  8:32  Overlord x2  
  106  8:40  Drone  
  106  8:41  Drone x4  
  109  8:42  Drone  
  112  8:58  Nydus Canal  
  112  9:07  Spine Crawler  
  111  9:37  Hatchery  
  110  9:43  Nydus Canal  
  110  9:50  Overlord  
  110  9:52  Spire, Zerg Missile Weapons Level 2  
  109  9:53  Zerg Ground Armor Level 2  
  109  9:57  Evolution Chamber  
  108  11:02  Spire  
  107  11:04  Corruptor, Greater Spire  
  107  11:05  Corruptor x6  
  107  11:06  Corruptor x4  
  107  11:08  Overlord x6  
  107  11:09  Overlord x4  
  129  11:19  Overseer  
  129  11:25  Spore Crawler x2  
  128  11:30  Drone  
  128  11:56  Corruptor x2  
  128  11:57  Corruptor x6  
  144  12:25  Nydus Canal  
  144  13:07  Hatchery  
  144  13:08  Brood Lord  
  144  13:09  Brood Lord x10  
  144  13:12  Hatchery  
  164  13:58  Nydus Canal  
  164  14:01  Brood Lord  
  164  14:02  Brood Lord x4  
  171  14:35  Drone x12  
  171  14:36  Drone  
  171  14:37  Drone x10  
Tags
 
Add a new tag
Caveats
  • Supply blocks, unpowered buildings, or Contaminate may cause inaccurate times.
  • Supply counts are checked every 10 seconds.